 Dungeon Crawl Stone Soup version 0.29.0-4-gdea44cf6ec (webtiles) character file.

Game seed: 12708053147905912059

38507 qw the Brawler (level 13, 0/131 HPs)
             Began as a Troll Cinder Acolyte on Aug 31, 2022.
             Was an Initiate of Ignis.
             Slain by a yak (3 damage)
             ... on level 5 of the Lair of Beasts.
             The game lasted 00:07:01 (11022 turns).

qw the Brawler (Troll Cinder Acolyte)              Turns: 11022, Time: 00:07:02

Health: 0/131      AC: 18    Str: 28    XL:     13   Next: 64%
Magic:  13/13      EV:  9    Int: 16    God:    Ignis [......]
Gold:   1474       SH:  5    Dex:  4    Spells: 14/14 levels left

rFire   + . .      SeeInvis +     - Unarmed
rCold   + . .      Faith    .   (no shield)
rNeg    . . .      Spirit   .   n - +3 swamp dragon scales
rPois   +          Reflect  +   j - +3 crown of Dyrovepreva {rElec Int+2 SInv}
rElec   +          Harm     .   k - +1 cloak
rCorr   .          Rampage  .   (gloves unavailable)
Will    +....      Clarity  +   (boots unavailable)
Stlth   ..........              l - amulet of reflection
HPRegen 1.11/turn               f - ring of protection from cold
MPRegen 0.13/turn               o - ring of willpower

@: no status effects
A: large, unfitting armour, claws 3, regeneration 1, shaggy fur 1, tough skin 1,
clarity, clever 1, deterioration 1
a: Renounce Religion, Rising Flame


You were on level 5 of the Lair of Beasts.
You worshipped Ignis.
Ignis was noncommittal.
You visited 2 branches of the dungeon, and saw 13 of its levels.

You collected 1474 gold pieces.


Innate Abilities, Weirdness & Mutations

You are too large for most types of armour.
You have claws for hands.
Your natural rate of healing is unusually fast.
You are covered in fur. (AC +1)
You have tough skin. (AC +1)
You possess an exceptional clarity of mind.
Your mind is acute. (Int +4, Str/Dex -1)
Your body sometimes deteriorates upon taking damage.


   Skills:
 - Level 9.0 Fighting
 - Level 2.3 Throwing
 + Level 5.0 Armour
 - Level 2.1 Dodging
 - Level 20.0 Unarmed Combat
 - Level 1.0 Spellcasting
 - Level 2.1 Fire Magic


You had 14 spell levels left.
You didn't know any spells.
Your spell library contained the following spells:

 Spells                   Type           Power      Damage    Failure   Level
 Scorch                   Fire           14%        2d6       21%         2

Inventory:

Armour
 j - the +3 crown of Dyrovepreva (worn) {rElec Int+2 SInv}
   (You acquired it on level 4 of the Lair of Beasts)

   Int:       It affects your intelligence (+2).
   rElec:     It insulates you from electricity.
   SInv:      It lets you see invisible.
 k - a +1 cloak (worn)
 n - +3 swamp dragon scales (worn)
Jewellery
 a - a ring of see invisible
 f - a ring of protection from cold (left claw)
 l - an amulet of reflection (around neck)
 o - a ring of willpower (right claw)
Scrolls
 d - a scroll of enchant weapon
 h - 3 scrolls of identify
Potions
 b - a potion of cancellation
 c - a potion of resistance
 g - a potion of haste {unknown}
 i - 3 potions of mutation
 m - 9 potions of curing

Dungeon Overview and Level Annotations

Branches:
Dungeon (8/15)             Temple (0/1) D:7            Lair (5/5) D:8
 Shoals (0/4) Lair:3        Snake (0/4) Lair:2        Slime (0/5) Lair:4

Altars:
Elyvilon
Trog
Uskayaw
Xom
Yredelemnul
The Shining One

Shops:
D:8 :

Portals:
Abyss: D:6

Annotations:
D:6 2 transporters, 1 runed translucent door, Crazy Yiuf; qw's ghost, novice TeWr


Message History

The five-headed hydra bites you but does no damage. x2
The five-headed hydra completely misses you.
The five-headed hydra bites you but does no damage.
The cane toad stings you.
You mangle the cane toad!!
You kill the cane toad!
The yak barely misses you.
You block the five-headed hydra's attack.
The five-headed hydra barely misses you.
The five-headed hydra bites you! x2
The five-headed hydra bites you but does no damage.
You claw the yak! You claw the yak!!
The yak is almost dead.
You scratch the yak but do no damage.
The yak is almost dead.
The yak closely misses you. The yak barely misses you. x2
The five-headed hydra completely misses you.
The five-headed hydra bites you but does no damage.
You block the five-headed hydra's attack.
The five-headed hydra barely misses you.
The five-headed hydra bites you but does no damage.
You mangle the yak!!
You kill the yak!
The five-headed hydra bites you.
The five-headed hydra barely misses you.
You block the five-headed hydra's attack. x2
The five-headed hydra bites you but does no damage.
The yak barely misses you. You block the yak's attack.
You mangle the yak!!
You kill the yak!
Your Armour skill increases to level 5!
You scratch the yak but do no damage. You block the yak's attack.
The five-headed hydra completely misses you.
The five-headed hydra barely misses you.
The five-headed hydra bites you but does no damage.
The five-headed hydra bites you!
You block the five-headed hydra's attack.
The yak gores you.
You die...

.......................##
........#.YYY...........#
..$.#...###.#%.........P#
..............#......P##
......%.....%....%.P#
.#....F.............#
#..YY#Y.....%%....###
##.%YDY.......%......
###@Y#...###%.......
######## #........
#.##...P# #########


You could see a five-headed hydra, 6 yaks and a blink frog.

Vanquished Creatures
  A dire elephant (Lair:5)
  5 hydras
  A boulder beetle (Lair:5)
  A catoblepas (Lair:5)
  4 death yaks
  5 black mambas
  18 elephants
  3 torpor snails
  6 komodo dragons
  Maggie (D:6)
  4 rime drakes
  12 cane toads
  3 polar bears
  3 slime creatures (Lair:4)
  Prince Ribbit (D:7)
  11 blink frogs
  4 dream sheep (Lair:5)
  A snapping turtle (Lair:3)
  Sigmund (D:5)
  2 wyverns
  A spriggan (Lair:3)
  42 yaks
  A basilisk (Lair:2)
  A death yak simulacrum (Lair:5)
  3 wargs (D:8)
  An acid dragon (D:8)
  3 steam dragons (D:8)
  6 water moccasins
  A sky beast (D:7)
  5 black bears
  An ice beast (D:6)
  2 centaurs
  8 wolves (Lair:3)
  2 ogres
  2 kobold brigands (D:7)
  9 bullfrogs
  2 necrophages (D:5)
  2 scorpions (D:5)
  14 wights
  2 hounds
  2 jellies
  8 orc priests
  2 iguanas (D:6)
  7 orc wizards
  3 gnolls (D:5)
  5 adders
  3 ufetubi
  2 worms (D:3)
  19 orcs
  6 bats
  11 endoplasms
  4 giant cockroaches
  7 goblins
  11 hobgoblins
  6 jackals (D:2)
  6 quokkas
  9 ball pythons
  2 frilled lizards
  17 kobolds
  9 rats
334 creatures vanquished.

Vanquished Creatures (others)
  26 fungi
  16 plants
  5 withered plants (Lair:5)
47 creatures vanquished.

Grand Total: 381 creatures vanquished

Notes
Turn   | Place    | Note
-------+----------+-------------------------------------------
     0 | D:1      | qw the Troll Cinder Acolyte began the quest for the Orb.
     0 | D:1      | Reached XP level 1. HP: 22/22 MP: 1/1
     0 | D:1      | 0 ||| qw: Version: 0.1-a-97-g2dd2ca4
     0 | D:1      | 0 ||| qw: Game counter: 4593
     0 | D:1      | 0 ||| qw: Always use a shield: true
     0 | D:1      | 0 ||| qw: God list: Okawaru
     0 | D:1      | 0 ||| qw: Allow faded altars: false
     0 | D:1      | 0 ||| qw: Do Orc after D:15 true
     0 | D:1      | 0 ||| qw: Do second Lair branch before Depths: true
     0 | D:1      | 0 ||| qw: Lair rune preference: random
     0 | D:1      | 0 ||| qw: Plans: Normal
     0 | D:1      | 0 ||| PLANNING D:1-11
   226 | D:1      | Reached XP level 2. HP: 28/29 MP: 2/2
   251 | D:1      | 251 ||| Stepping ~*~*~tactically~*~*~ (stealth).
   255 | D:1      | 255 ||| Stepping ~*~*~tactically~*~*~ (stealth).
   288 | D:1      | 288 ||| Stepping ~*~*~tactically~*~*~ (stealth).
   344 | D:1      | 344 ||| Stepping ~*~*~tactically~*~*~ (stealth).
   345 | D:1      | 345 ||| Stepping ~*~*~tactically~*~*~ (stealth).
   346 | D:1      | 346 ||| Stepping ~*~*~tactically~*~*~ (stealth).
   478 | D:1      | Reached skill level 4 in Unarmed Combat
   513 | D:1      | Found a faded altar of an unknown god.
   599 | D:1      | 599 ||| READING scroll labelled SUIFIROANU.
   772 | D:2      | 772 ||| Stepping ~*~*~tactically~*~*~ (stealth).
   820 | D:2      | Reached XP level 3. HP: 32/36 MP: 3/3
   830 | D:2      | 830 ||| Stepping ~*~*~tactically~*~*~ (stealth).
   872 | D:2      | 872 ||| Stepping ~*~*~tactically~*~*~ (stealth).
  1038 | D:2      | 1038 ||| Stepping ~*~*~tactically~*~*~ (stealth).
  1136 | D:2      | Reached XP level 4. HP: 44/44 MP: 4/4
  1149 | D:2      | 1149 ||| Stepping ~*~*~tactically~*~*~ (stealth).
  1167 | D:2      | Reached skill level 5 in Unarmed Combat
  1414 | D:2      | 1414 ||| DROPPING +6 ring of intelligence.
  1415 | D:2      | 1415 ||| READING scroll labelled ROUMUHI KOADGHI.
  1437 | D:2      | 1437 ||| READING scroll labelled IMANEENOGA.
  1438 | D:2      | 1438 ||| READING 4 scrolls labelled SULALLU LEHEJ.
  1539 | D:2      | 1539 ||| READING scroll labelled TADUN GUPHIWA.
  1540 | D:2      | 1540 ||| READING scroll labelled ATIKLYG AVI.
  1541 | D:2      | 1541 ||| READING scroll labelled ENYTSUNUPE.
  1544 | D:2      | 1544 ||| READING scroll labelled OJOSIATEMEL.
  1545 | D:2      | 1545 ||| DRINKING 2 lumpy red potions.
  1589 | D:2      | 1589 ||| DRINKING 2 orange potions.
  1590 | D:2      | 1590 ||| DRINKING 2 glowing yellow potions.
  1591 | D:2      | 1591 ||| DROPPING potion of lignification.
  1592 | D:2      | 1592 ||| DROPPING 3 scrolls of silence.
  2549 | D:3      | 2549 ||| DRINKING 2 inky potions.
  2653 | D:3      | 2653 ||| DROPPING potion of berserk rage.
  2730 | D:4      | 2730 ||| Stepping ~*~*~tactically~*~*~ (hiding).
  2734 | D:4      | 2734 ||| Stepping ~*~*~tactically~*~*~ (hiding).
  3024 | D:4      | Found a bloodstained altar of Trog.
  3376 | D:4      | Reached XP level 5. HP: 50/50 MP: 5/5
  3397 | D:4      | 3397 ||| Stepping ~*~*~tactically~*~*~ (stealth).
  3435 | D:4      | 3435 ||| UPGRADING to +0 cloak.
  3440 | D:4      | 3440 ||| READING scroll labelled GECIBR ECEPSIV.
  3441 | D:4      | 3441 ||| READING scroll labelled ZENWOI MACETHRO.
  3442 | D:4      | 3442 ||| DRINKING 2 brown potions.
  3442 | D:4      | Gained mutation: You possess an exceptional clarity of
                  | mind. [potion of mutation]
  3442 | D:4      | Gained mutation: Your body sometimes deteriorates upon
                  | taking damage. [potion of mutation]
  3442 | D:4      | Gained mutation: Your mind is acute. (Int +4, Str/Dex -1)
                  | [potion of mutation]
  3443 | D:4      | 3443 ||| DRINKING 2 fizzy inky potions.
  3444 | D:4      | 3444 ||| DROPPING potion of brilliance.
  3466 | D:5      | Entered Level 5 of the Dungeon
  3467 | D:5      | 3467 ||| INVOKING Fiery Armour.
  3471 | D:5      | Reached skill level 6 in Unarmed Combat
  3471 | D:5      | 3471 ||| Stepping ~*~*~tactically~*~*~ (outnumbered).
  3472 | D:5      | 3472 ||| Stepping ~*~*~tactically~*~*~ (outnumbered).
  3473 | D:5      | 3473 ||| Stepping ~*~*~tactically~*~*~ (outnumbered).
  3475 | D:5      | 3475 ||| Stepping ~*~*~tactically~*~*~ (outnumbered).
  3478 | D:5      | 3478 ||| Stepping ~*~*~tactically~*~*~ (outnumbered).
  3479 | D:5      | 3479 ||| Stepping ~*~*~tactically~*~*~ (outnumbered).
  3486 | D:5      | Reached XP level 6. HP: 51/59 MP: 6/6
  3537 | D:5      | Reached skill level 7 in Unarmed Combat
  3585 | D:5      | Reached skill level 8 in Unarmed Combat
  3585 | D:5      | Reached XP level 7. HP: 66/66 MP: 7/7
  3649 | D:5      | Found a glowing golden altar of the Shining One.
  3704 | D:5      | Reached skill level 3 in Fighting
  3725 | D:5      | Noticed Sigmund
  3734 | D:5      | Killed Sigmund
  3952 | D:5      | Found a basalt altar of Yredelemnul.
  3954 | D:5      | Noticed a profane servitor
  3962 | D:5      | Noticed an angel
  3964 | D:5      | 3964 ||| UPGRADING to amulet of reflection.
  3969 | D:5      | 3969 ||| READING scroll labelled TYIT ZOCARAPAK.
  3970 | D:5      | 3970 ||| READING scroll of teleportation.
  4011 | D:6      | 4011 ||| READING scroll of enchant armour.
  4011 | D:6      | 4011 ||| ENCHANTING +0 cloak.
  4053 | D:6      | Found a one-way gate to the infinite horrors of the Abyss.
  4053 | D:6      | Noticed qw's ghost (novice TeWr)
  4053 | D:6      | Noticed a small abomination
  4064 | D:6      | Noticed an ancient zyme
  4065 | D:6      | Found a transporter.
  4084 | D:6      | Reached skill level 9 in Unarmed Combat
  4150 | D:6      | 4150 ||| Stepping ~*~*~tactically~*~*~ (outnumbered).
  4155 | D:6      | Reached skill level 1 in Throwing
  4158 | D:6      | 4158 ||| INVOKING Fiery Armour.
  4161 | D:6      | Reached XP level 8. HP: 34/73 MP: 8/8
  4262 | D:6      | Found a transporter.
  4308 | D:6      | Noticed Maggie
  4326 | D:6      | Killed Maggie
  4327 | D:6      | Reached skill level 10 in Unarmed Combat
  4380 | D:6      | 4380 ||| Stepping ~*~*~tactically~*~*~ (hiding).
  4381 | D:6      | 4381 ||| Stepping ~*~*~tactically~*~*~ (hiding).
  4541 | D:6      | 4541 ||| Stepping ~*~*~tactically~*~*~ (stealth).
  4575 | D:6      | 4575 ||| Stepping ~*~*~tactically~*~*~ (hiding).
  4576 | D:6      | 4576 ||| Stepping ~*~*~tactically~*~*~ (stealth).
  4591 | D:6      | Reached skill level 11 in Unarmed Combat
  4622 | D:6      | Reached skill level 1 in Dodging
  4631 | D:6      | Found a runed translucent door.
  4632 | D:6      | Noticed Crazy Yiuf
  4783 | D:6      | Reached XP level 9. HP: 84/84 MP: 9/9
  4818 | D:6      | Found a shimmering altar of Xom.
  4942 | D:6      | 4942 ||| UPGRADING to +0 swamp dragon scales.
  4952 | D:6      | 4952 ||| DROPPING +0 robe.
  4953 | D:6      | 4953 ||| READING scroll labelled AJABUI TAINWO.
  4954 | D:6      | 4954 ||| DRINKING 3 white potions.
  4955 | D:6      | 4955 ||| DRINKING 2 murky purple potions.
  4956 | D:6      | 4956 ||| DROPPING 2 potions of attraction.
  4957 | D:6      | 4957 ||| DROPPING potion of degeneration.
  4991 | D:7      | Noticed Prince Ribbit
  5021 | D:7      | Killed Prince Ribbit
  5022 | D:7      | Reached skill level 1 in Armour
  5212 | D:7      | 5212 ||| Stepping ~*~*~tactically~*~*~ (stealth).
  5216 | D:7      | 5216 ||| INVOKING Fiery Armour.
  5290 | D:7      | Found a staircase to the Ecumenical Temple.
  5329 | D:7      | 5329 ||| Stepping ~*~*~tactically~*~*~ (hiding).
  5434 | D:7      | 5434 ||| Stepping ~*~*~tactically~*~*~ (stealth).
  5436 | D:7      | 5436 ||| Stepping ~*~*~tactically~*~*~ (stealth).
  5437 | D:7      | 5437 ||| Stepping ~*~*~tactically~*~*~ (stealth).
  5439 | D:7      | 5439 ||| Stepping ~*~*~tactically~*~*~ (stealth).
  5440 | D:7      | 5440 ||| Stepping ~*~*~tactically~*~*~ (stealth).
  5482 | D:7      | 5482 ||| Stepping ~*~*~tactically~*~*~ (stealth).
  5591 | D:7      | Reached skill level 12 in Unarmed Combat
  5810 | D:7      | 5810 ||| UPGRADING to ring of see invisible.
  5811 | D:7      | 5811 ||| READING 2 scrolls of identify.
  5811 | D:7      | 5811 ||| IDENTIFYING murky grey potion
  5965 | D:8      | 5965 ||| FLEEEEING.
  5966 | D:8      | 5966 ||| FLEEEEING.
  5972 | D:8      | 5972 ||| FLEEEEING.
  5973 | D:8      | 5973 ||| FLEEEEING.
  5991 | D:8      | 5991 ||| Stepping ~*~*~tactically~*~*~ (hiding).
  5994 | D:8      | 5994 ||| Stepping ~*~*~tactically~*~*~ (stealth).
  5997 | D:8      | 5997 ||| Stepping ~*~*~tactically~*~*~ (outnumbered).
  5998 | D:8      | 5998 ||| Stepping ~*~*~tactically~*~*~ (outnumbered).
  5999 | D:8      | 5999 ||| Stepping ~*~*~tactically~*~*~ (outnumbered).
  6000 | D:8      | 6000 ||| Stepping ~*~*~tactically~*~*~ (outnumbered).
  6003 | D:8      | 6003 ||| Stepping ~*~*~tactically~*~*~ (outnumbered).
  6004 | D:8      | 6004 ||| Stepping ~*~*~tactically~*~*~ (outnumbered).
  6005 | D:8      | 6005 ||| Stepping ~*~*~tactically~*~*~ (outnumbered).
  6006 | D:8      | 6006 ||| Stepping ~*~*~tactically~*~*~ (outnumbered).
  6007 | D:8      | 6007 ||| Stepping ~*~*~tactically~*~*~ (outnumbered).
  6008 | D:8      | 6008 ||| Stepping ~*~*~tactically~*~*~ (outnumbered).
  6009 | D:8      | 6009 ||| Stepping ~*~*~tactically~*~*~ (outnumbered).
  6010 | D:8      | 6010 ||| Stepping ~*~*~tactically~*~*~ (outnumbered).
  6011 | D:8      | 6011 ||| Stepping ~*~*~tactically~*~*~ (hiding).
  6012 | D:8      | 6012 ||| Stepping ~*~*~tactically~*~*~ (hiding).
  6019 | D:8      | 6019 ||| Stepping ~*~*~tactically~*~*~ (outnumbered).
  6020 | D:8      | 6020 ||| Stepping ~*~*~tactically~*~*~ (outnumbered).
  6023 | D:8      | 6023 ||| Stepping ~*~*~tactically~*~*~ (outnumbered).
  6070 | D:8      | Found Pillunt's Book Boutique.
  6175 | D:8      | 6175 ||| Stepping ~*~*~tactically~*~*~ (stealth).
  6216 | D:8      | 6216 ||| INVOKING Fiery Armour.
  6279 | D:8      | 6279 ||| Stepping ~*~*~tactically~*~*~ (hiding).
  6283 | D:8      | Reached skill level 13 in Unarmed Combat
  6283 | D:8      | Reached XP level 10. HP: 96/96 MP: 10/10
  6307 | D:8      | 6307 ||| Stepping ~*~*~tactically~*~*~ (stealth).
  6308 | D:8      | 6308 ||| Stepping ~*~*~tactically~*~*~ (stealth).
  6310 | D:8      | 6310 ||| Stepping ~*~*~tactically~*~*~ (hiding).
  6343 | D:8      | Found a hide-covered altar of Uskayaw.
  6427 | D:8      | 6427 ||| Stepping ~*~*~tactically~*~*~ (hiding).
  6428 | D:8      | 6428 ||| Stepping ~*~*~tactically~*~*~ (hiding).
  6461 | D:8      | Found a staircase to the Lair.
  6485 | D:8      | 6485 ||| READING scroll of enchant armour.
  6485 | D:8      | 6485 ||| ENCHANTING +0 swamp dragon scales.
  6643 | D:8      | 6643 ||| PLANNING LAIR
  6643 | D:8      | 6643 ||| READING scroll labelled TIEGUUNICA.
  6644 | D:8      | 6644 ||| DRINKING 2 viscous ruby potions.
  6645 | D:8      | 6645 ||| DRINKING 3 fizzy coppery potions.
  6646 | D:8      | 6646 ||| DROPPING potion of magic.
  6647 | D:8      | 6647 ||| DROPPING 2 potions of flight.
  6680 | Lair:1   | Entered Level 1 of the Lair of Beasts
  6736 | Lair:1   | Noticed an elephant
  6737 | Lair:1   | 6737 ||| INVOKING Fiery Armour.
  6738 | Lair:1   | 6738 ||| Stepping ~*~*~tactically~*~*~ (outnumbered).
  6739 | Lair:1   | 6739 ||| Stepping ~*~*~tactically~*~*~ (outnumbered).
  6741 | Lair:1   | Noticed an elephant
  6745 | Lair:1   | 6745 ||| Stepping ~*~*~tactically~*~*~ (outnumbered).
  6746 | Lair:1   | 6746 ||| Stepping ~*~*~tactically~*~*~ (outnumbered).
  6747 | Lair:1   | 6747 ||| Stepping ~*~*~tactically~*~*~ (outnumbered).
  6748 | Lair:1   | 6748 ||| Stepping ~*~*~tactically~*~*~ (outnumbered).
  6749 | Lair:1   | 6749 ||| Stepping ~*~*~tactically~*~*~ (outnumbered).
  6754 | Lair:1   | Noticed an elephant
  6757 | Lair:1   | Killed an elephant
  6762 | Lair:1   | Noticed a torpor snail
  6767 | Lair:1   | Reached skill level 14 in Unarmed Combat
  6769 | Lair:1   | HP: 24/96 [elephant (10)]
  6770 | Lair:1   | 6770 ||| DRINKING 3 potions of heal wounds.
  6773 | Lair:1   | Killed an elephant
  6774 | Lair:1   | Reached skill level 3 in Armour
  6775 | Lair:1   | HP: 20/96 [yak[a torpor snail] (7)]
  6776 | Lair:1   | 6776 ||| DRINKING 2 potions of heal wounds.
  6782 | Lair:1   | HP: 18/96 [yak[a torpor snail] (10)]
  6783 | Lair:1   | 6783 ||| DRINKING potion of heal wounds.
  6787 | Lair:1   | Killed a torpor snail
  6788 | Lair:1   | Reached skill level 6 in Fighting
  6826 | Lair:1   | Killed an elephant
  6898 | Lair:1   | Noticed a cane toad
  6902 | Lair:1   | Killed a cane toad
  6919 | Lair:1   | Noticed a cane toad
  6929 | Lair:1   | Killed a cane toad
  6998 | Lair:1   | Reached XP level 11. HP: 77/105 MP: 11/11
  7067 | Lair:1   | 7067 ||| Stepping ~*~*~tactically~*~*~ (outnumbered).
  7068 | Lair:1   | 7068 ||| Stepping ~*~*~tactically~*~*~ (outnumbered).
  7069 | Lair:1   | 7069 ||| Stepping ~*~*~tactically~*~*~ (outnumbered).
  7075 | Lair:1   | Reached skill level 15 in Unarmed Combat
  7286 | Lair:1   | 7286 ||| INVOKING Fiery Armour.
  7299 | Lair:1   | 7299 ||| Stepping ~*~*~tactically~*~*~ (outnumbered).
  7300 | Lair:1   | 7300 ||| Stepping ~*~*~tactically~*~*~ (outnumbered).
  7458 | Lair:1   | Reached skill level 16 in Unarmed Combat
  7901 | Lair:1   | 7901 ||| READING 3 scrolls of identify.
  7901 | Lair:1   | 7901 ||| IDENTIFYING coppery potion
  7943 | Lair:2   | Noticed a death yak
  7943 | Lair:2   | Noticed a death yak
  7944 | Lair:2   | 7944 ||| INVOKING Fiery Armour.
  7946 | Lair:2   | 7946 ||| STAIRDANCE
  7952 | Lair:1   | Killed a death yak
  7980 | Lair:2   | Killed a death yak
  7981 | Lair:2   | 7981 ||| STAIRDANCE
  8117 | Lair:2   | Found a staircase to the Snake Pit.
  8132 | Lair:2   | 8132 ||| Stepping ~*~*~tactically~*~*~ (outnumbered).
  8133 | Lair:2   | 8133 ||| Stepping ~*~*~tactically~*~*~ (outnumbered).
  8134 | Lair:2   | 8134 ||| Stepping ~*~*~tactically~*~*~ (outnumbered).
  8135 | Lair:2   | 8135 ||| Stepping ~*~*~tactically~*~*~ (outnumbered).
  8137 | Lair:2   | 8137 ||| Stepping ~*~*~tactically~*~*~ (outnumbered).
  8138 | Lair:2   | 8138 ||| Stepping ~*~*~tactically~*~*~ (outnumbered).
  8139 | Lair:2   | 8139 ||| Stepping ~*~*~tactically~*~*~ (outnumbered).
  8140 | Lair:2   | 8140 ||| Stepping ~*~*~tactically~*~*~ (outnumbered).
  8141 | Lair:2   | 8141 ||| Stepping ~*~*~tactically~*~*~ (outnumbered).
  8144 | Lair:2   | 8144 ||| Stepping ~*~*~tactically~*~*~ (outnumbered).
  8145 | Lair:2   | 8145 ||| Stepping ~*~*~tactically~*~*~ (outnumbered).
  8146 | Lair:2   | 8146 ||| Stepping ~*~*~tactically~*~*~ (outnumbered).
  8147 | Lair:2   | 8147 ||| Stepping ~*~*~tactically~*~*~ (outnumbered).
  8269 | Lair:2   | Noticed a six-headed hydra
  8270 | Lair:2   | 8270 ||| INVOKING Fiery Armour.
  8276 | Lair:2   | Killed an eight-headed hydra
  8312 | Lair:2   | Noticed a death yak
  8312 | Lair:2   | Noticed a death yak
  8320 | Lair:2   | Killed a death yak
  8321 | Lair:2   | Reached XP level 12. HP: 87/118 MP: 12/12
  8325 | Lair:2   | Killed a death yak
  8326 | Lair:2   | Reached skill level 17 in Unarmed Combat
  8505 | Lair:2   | Found a white marble altar of Elyvilon.
  8711 | Lair:2   | 8711 ||| DROPPING amulet of regeneration.
  8712 | Lair:2   | 8712 ||| DROPPING ring of magical power.
  8713 | Lair:2   | 8713 ||| READING scroll labelled QUOM UTESUC.
  8713 | Lair:2   | Identified a scroll of acquirement
  8713 | Lair:2   | 8713 ||| ACQUIRING 698 gold pieces
  8713 | Lair:2   | Acquired 698 gold pieces
  8766 | Lair:2   | 8766 ||| Stepping randomly (stuck).
  8787 | Lair:3   | 8787 ||| Stepping ~*~*~tactically~*~*~ (hiding).
  8788 | Lair:3   | 8788 ||| Stepping ~*~*~tactically~*~*~ (hiding).
  8789 | Lair:3   | 8789 ||| Stepping ~*~*~tactically~*~*~ (hiding).
  9028 | Lair:3   | 9028 ||| Stepping ~*~*~tactically~*~*~ (stealth).
  9093 | Lair:3   | 9093 ||| Stepping ~*~*~tactically~*~*~ (stealth).
  9096 | Lair:3   | 9096 ||| Stepping ~*~*~tactically~*~*~ (stealth).
  9106 | Lair:3   | Reached skill level 18 in Unarmed Combat
  9191 | Lair:3   | 9191 ||| READING scroll of enchant armour.
  9191 | Lair:3   | 9191 ||| ENCHANTING +1 swamp dragon scales.
  9197 | Lair:3   | 9197 ||| Stepping ~*~*~tactically~*~*~ (stealth).
  9349 | Lair:3   | Found a staircase to the Shoals.
  9427 | Lair:3   | 9427 ||| Stepping ~*~*~tactically~*~*~ (stealth).
  9429 | Lair:3   | 9429 ||| Stepping ~*~*~tactically~*~*~ (stealth).
  9437 | Lair:3   | 9437 ||| Stepping ~*~*~tactically~*~*~ (outnumbered).
  9461 | Lair:3   | 9461 ||| Stepping ~*~*~tactically~*~*~ (stealth).
  9755 | Lair:3   | 9755 ||| READING scroll labelled TIF QIDOAFIWKO.
  9807 | Lair:2   | 9807 ||| Stepping randomly (stuck).
  9921 | Lair:4   | Noticed a four-headed hydra
  9922 | Lair:4   | 9922 ||| INVOKING Fiery Armour.
  9923 | Lair:4   | 9923 ||| Stepping ~*~*~tactically~*~*~ (outnumbered).
  9924 | Lair:4   | 9924 ||| Stepping ~*~*~tactically~*~*~ (outnumbered).
  9925 | Lair:4   | 9925 ||| Stepping ~*~*~tactically~*~*~ (outnumbered).
  9926 | Lair:4   | 9926 ||| Stepping ~*~*~tactically~*~*~ (outnumbered).
  9927 | Lair:4   | 9927 ||| Stepping ~*~*~tactically~*~*~ (outnumbered).
  9928 | Lair:4   | 9928 ||| Stepping ~*~*~tactically~*~*~ (outnumbered).
  9929 | Lair:4   | 9929 ||| Stepping ~*~*~tactically~*~*~ (outnumbered).
  9930 | Lair:4   | 9930 ||| Stepping ~*~*~tactically~*~*~ (outnumbered).
  9931 | Lair:4   | 9931 ||| Stepping ~*~*~tactically~*~*~ (outnumbered).
  9932 | Lair:4   | 9932 ||| Stepping ~*~*~tactically~*~*~ (outnumbered).
  9933 | Lair:4   | 9933 ||| Stepping ~*~*~tactically~*~*~ (outnumbered).
  9934 | Lair:4   | 9934 ||| Stepping ~*~*~tactically~*~*~ (outnumbered).
  9935 | Lair:4   | 9935 ||| Stepping ~*~*~tactically~*~*~ (outnumbered).
  9936 | Lair:4   | 9936 ||| Stepping ~*~*~tactically~*~*~ (outnumbered).
  9937 | Lair:4   | 9937 ||| Stepping ~*~*~tactically~*~*~ (outnumbered).
  9938 | Lair:4   | 9938 ||| Stepping ~*~*~tactically~*~*~ (outnumbered).
  9939 | Lair:4   | 9939 ||| Stepping ~*~*~tactically~*~*~ (outnumbered).
  9944 | Lair:4   | 9944 ||| Stepping ~*~*~tactically~*~*~ (outnumbered).
  9945 | Lair:4   | 9945 ||| Stepping ~*~*~tactically~*~*~ (outnumbered).
  9953 | Lair:4   | Killed an eight-headed hydra
  9988 | Lair:4   | 9988 ||| Stepping ~*~*~tactically~*~*~ (stealth).
  9991 | Lair:4   | 9991 ||| Stepping ~*~*~tactically~*~*~ (stealth).
 10127 | Lair:4   | 10127 ||| READING scroll of acquirement.
 10127 | Lair:4   | 10127 ||| ACQUIRING +3 crown of Dyrovepreva {rElec Int+2
                  | SInv}
 10127 | Lair:4   | Acquired the +3 crown of Dyrovepreva {rElec Int+2 SInv}
 10127 | Lair:4   | Found the +3 crown of Dyrovepreva {rElec Int+2 SInv}
 10129 | Lair:4   | 10129 ||| UPGRADING to +1 hat.
 10134 | Lair:4   | 10134 ||| UPGRADING to +3 crown of Dyrovepreva {rElec Int+2
                  | SInv}.
 10144 | Lair:4   | 10144 ||| REMOVING ring of see invisible.
 10145 | Lair:4   | 10145 ||| DROPPING +1 hat.
 10171 | Lair:4   | 10171 ||| INVOKING Fiery Armour.
 10175 | Lair:4   | 10175 ||| Stepping ~*~*~tactically~*~*~ (outnumbered).
 10176 | Lair:4   | 10176 ||| Stepping ~*~*~tactically~*~*~ (outnumbered).
 10177 | Lair:4   | 10177 ||| Stepping ~*~*~tactically~*~*~ (outnumbered).
 10179 | Lair:4   | 10179 ||| Stepping ~*~*~tactically~*~*~ (outnumbered).
 10184 | Lair:4   | 10184 ||| Stepping ~*~*~tactically~*~*~ (outnumbered).
 10187 | Lair:4   | Reached skill level 19 in Unarmed Combat
 10189 | Lair:4   | Reached XP level 13. HP: 124/127 MP: 13/13
 10363 | Lair:4   | 10363 ||| Stepping ~*~*~tactically~*~*~ (stealth).
 10380 | Lair:4   | 10380 ||| INVOKING Fiery Armour.
 10395 | Lair:4   | 10395 ||| READING scroll of enchant armour.
 10395 | Lair:4   | 10395 ||| ENCHANTING +2 swamp dragon scales.
 10458 | Lair:4   | Found a staircase to the Slime Pits.
 10517 | Lair:4   | 10517 ||| UPGRADING to ring of protection from cold.
 10518 | Lair:4   | 10518 ||| UPGRADING to ring of willpower.
 10519 | Lair:4   | 10519 ||| READING scroll labelled DAAPRAUDODA.
 10547 | Lair:5   | Entered Level 5 of the Lair of Beasts
 10558 | Lair:5   | Reached skill level 9 in Fighting
 10603 | Lair:5   | 10603 ||| INVOKING Fiery Armour.
 10631 | Lair:5   | Noticed a dire elephant
 10631 | Lair:5   | Noticed a dire elephant
 10631 | Lair:5   | Noticed a dire elephant
 10631 | Lair:5   | Noticed a dire elephant
 10638 | Lair:5   | Killed a dire elephant
 10718 | Lair:5   | 10718 ||| Stepping ~*~*~tactically~*~*~ (stealth).
 10719 | Lair:5   | 10719 ||| Stepping ~*~*~tactically~*~*~ (stealth).
 10836 | Lair:5   | 10836 ||| INVOKING Fiery Armour.
 10838 | Lair:5   | 10838 ||| Stepping ~*~*~tactically~*~*~ (stealth).
 10865 | Lair:5   | 10865 ||| Stepping ~*~*~tactically~*~*~ (cloud).
 10873 | Lair:5   | 10873 ||| Stepping ~*~*~tactically~*~*~ (cloud).
 10874 | Lair:5   | 10874 ||| Stepping ~*~*~tactically~*~*~ (cloud).
 10875 | Lair:5   | 10875 ||| Stepping ~*~*~tactically~*~*~ (outnumbered).
 10878 | Lair:5   | 10878 ||| Stepping ~*~*~tactically~*~*~ (outnumbered).
 10879 | Lair:5   | 10879 ||| Stepping ~*~*~tactically~*~*~ (cloud).
 10882 | Lair:5   | 10882 ||| Stepping ~*~*~tactically~*~*~ (cloud).
 10885 | Lair:5   | 10885 ||| Stepping ~*~*~tactically~*~*~ (cloud).
 10895 | Lair:5   | Reached skill level 20 in Unarmed Combat
 10934 | Lair:5   | 10934 ||| Stepping ~*~*~tactically~*~*~ (stealth).
 10948 | Lair:5   | 10948 ||| Stepping ~*~*~tactically~*~*~ (stealth).
 10949 | Lair:5   | 10949 ||| Stepping ~*~*~tactically~*~*~ (stealth).
 10953 | Lair:5   | 10953 ||| Stepping ~*~*~tactically~*~*~ (stealth).
 10968 | Lair:5   | 10968 ||| Stepping ~*~*~tactically~*~*~ (outnumbered).
 10969 | Lair:5   | 10969 ||| Stepping ~*~*~tactically~*~*~ (stealth).
 10972 | Lair:5   | 10972 ||| Stepping ~*~*~tactically~*~*~ (outnumbered).
 10973 | Lair:5   | 10973 ||| Stepping ~*~*~tactically~*~*~ (stealth).
 10974 | Lair:5   | 10974 ||| Stepping ~*~*~tactically~*~*~ (outnumbered).
 10975 | Lair:5   | 10975 ||| Stepping ~*~*~tactically~*~*~ (outnumbered).
 10976 | Lair:5   | 10976 ||| Stepping ~*~*~tactically~*~*~ (outnumbered).
 10977 | Lair:5   | 10977 ||| Stepping ~*~*~tactically~*~*~ (outnumbered).
 10978 | Lair:5   | 10978 ||| Stepping ~*~*~tactically~*~*~ (outnumbered).
 10979 | Lair:5   | 10979 ||| Stepping ~*~*~tactically~*~*~ (outnumbered).
 10980 | Lair:5   | 10980 ||| Stepping ~*~*~tactically~*~*~ (outnumbered).
 10981 | Lair:5   | 10981 ||| Stepping ~*~*~tactically~*~*~ (outnumbered).
 10982 | Lair:5   | 10982 ||| Stepping ~*~*~tactically~*~*~ (outnumbered).
 10983 | Lair:5   | 10983 ||| Stepping ~*~*~tactically~*~*~ (outnumbered).
 10984 | Lair:5   | 10984 ||| Stepping ~*~*~tactically~*~*~ (outnumbered).
 10985 | Lair:5   | 10985 ||| Stepping ~*~*~tactically~*~*~ (outnumbered).
 10986 | Lair:5   | 10986 ||| Stepping ~*~*~tactically~*~*~ (outnumbered).
 10987 | Lair:5   | 10987 ||| Stepping ~*~*~tactically~*~*~ (outnumbered).
 10988 | Lair:5   | 10988 ||| Stepping ~*~*~tactically~*~*~ (outnumbered).
 10991 | Lair:5   | 10991 ||| Stepping ~*~*~tactically~*~*~ (outnumbered).
 10992 | Lair:5   | 10992 ||| Stepping ~*~*~tactically~*~*~ (outnumbered).
 10993 | Lair:5   | 10993 ||| Stepping ~*~*~tactically~*~*~ (outnumbered).
 10994 | Lair:5   | 10994 ||| Stepping ~*~*~tactically~*~*~ (stealth).
 10996 | Lair:5   | 10996 ||| Stepping ~*~*~tactically~*~*~ (stealth).
 10997 | Lair:5   | 10997 ||| Stepping ~*~*~tactically~*~*~ (stealth).
 10998 | Lair:5   | 10998 ||| Stepping ~*~*~tactically~*~*~ (outnumbered).
 10999 | Lair:5   | 10999 ||| Stepping ~*~*~tactically~*~*~ (outnumbered).
 11000 | Lair:5   | 11000 ||| Stepping ~*~*~tactically~*~*~ (outnumbered).
 11001 | Lair:5   | 11001 ||| Stepping ~*~*~tactically~*~*~ (outnumbered).
 11002 | Lair:5   | 11002 ||| Stepping ~*~*~tactically~*~*~ (outnumbered).
 11003 | Lair:5   | 11003 ||| Stepping ~*~*~tactically~*~*~ (outnumbered).
 11011 | Lair:5   | HP: 30/131 [five-headed hydra (7)]
 11012 | Lair:5   | 11012 ||| DRINKING potion of heal wounds.
 11016 | Lair:5   | HP: 30/131 [cane toad (6)]
 11017 | Lair:5   | HP: 14/131 [five-headed hydra (9)]
 11022 | Lair:5   | HP: 3/131 [five-headed hydra (12)]
 11022 | Lair:5   | Slain by a yak

Levels and vault maps discovered:
D:1:      dpeg_arrival_central, layout_rooms,
          shapermc_ecumenical_altar_acropolis, st_stairs_6,
          chequers_serial_rivers_large_a
D:2:      minmay_chambers_of_twos, layout_basic, minmay_pentomino_v4
D:3:      layout_basic, serial_corexii_hall, corexii_hall_statues_s,
          chequers_hall_statues_wall_a
D:4:      layout_loops_ring, mainiacjoe_overflow_cross_hatched
D:5:      layout_rooms, grunt_temple_overflow_holy_war, uniq_sigmund
D:6:      layout_gridville, lemuel_round_altar, gammafunk_ghost_abyssal_escape,
          uniq_crazy_yiuf_cottage, uniq_maggie
D:7:      layout_basic, temple_fountains, uniq_prince_ribbit1
D:8:      layout_gridville, nicolae_uskayaw_murder_on_the_dancefloor,
          erik_lair_orcish_takeover, serial_shops, shop
Lair:1:   layout_hall_layers, st_stairs_11
Lair:2:   layout_chaotic_city, dummy_snake_entry, basic_altar, st_stairs_3,
          grunt_megastairs_1
Lair:3:   layout_loops_ring, minmay_shoals_entry_hut,
          chequers_serial_rivers_room_a, grunt_forest_stairs_clearing
Lair:4:   layout_hall_layers, minmay_slime_entry_pillars,
          infiniplex_staircase_pool
Lair:5:   due_jungle_book, layout_gridlike

Skill      XL: |  1  2  3  4  5  6  7  8  9 10 11 12 13 |
---------------+----------------------------------------+-----
Unarmed Combat | 4 5 6 8 9 11 13 14 16 19 20 | 20.0
Fighting       | 3 4 5 6 7 8 9 |  9.0
Throwing       | 1 2 |  2.3
Dodging        | 1 2 |  2.1
Armour         | 2 3 4 5 |  5.0
Spellcasting   | |  1.0
Fire Magic     | |  2.1

Action                   |  1- 3 |  4- 6 |  7- 9 | 10-12 | 13-15 || total
-------------------------+-------+-------+-------+-------+-------++-------
Melee: Unarmed           |   101 |   117 |   220 |   396 |   141 ||   975
       Punch             |     2 |     1 |     7 |    34 |    21 ||    65
Throw: Boomerang         |    27 |    55 |    35 |    78 |       ||   195
Invok: Fiery Armour      |       |     1 |     3 |     6 |     3 ||    13
  Use: Scroll            |     1 |     9 |     5 |     7 |     2 ||    24
       Potion            |       |     6 |     2 |     5 |     1 ||    14
Armor: Robe              |    35 |    49 |    15 |       |       ||    99
       Swamp dragon scal |       |       |    41 |   193 |   100 ||   334
Dodge: Dodged            |    45 |    45 |    59 |   118 |    68 ||   335
Block: Other             |       |       |    26 |    66 |    30 ||   122
       Reflection        |       |       |     1 |       |       ||     1

Table legend:
 A = Non-vault XP
 B = Vault XP
 C = Vault XP percentage of total XP
 D = Non-vault monster count
 E = Vault monster count
 F = Vault count percentage of total count
                 A         B        C        D         E       F
            +---------+---------+-------+---------+---------+-------
      Total |   49182 |    5829 |  10.6 |     291 |      43 |  12.9
            +---------+---------+-------+---------+---------+-------
        D:1 |      28 |       3 |   9.7 |      17 |       2 |  10.5
        D:2 |      60 |      23 |  27.7 |      22 |      12 |  35.3
        D:3 |      44 |       0 |   0.0 |      16 |       0 |   0.0
        D:4 |      41 |       0 |   0.0 |      15 |       0 |   0.0
        D:5 |     757 |     243 |  24.3 |      17 |       1 |   5.6
        D:6 |    1276 |     398 |  23.8 |      23 |       1 |   4.2
        D:7 |     896 |     274 |  23.4 |      25 |       1 |   3.8
        D:8 |    1364 |     533 |  28.1 |      20 |       9 |  31.0
     Lair:1 |   10844 |     418 |   3.7 |      36 |       1 |   2.7
     Lair:2 |    6483 |     186 |   2.8 |      15 |       2 |  11.8
     Lair:3 |    7269 |    1279 |  15.0 |      25 |       7 |  21.9
     Lair:4 |    8110 |     864 |   9.6 |      23 |       4 |  14.8
     Lair:5 |   12010 |    1608 |  11.8 |      37 |       3 |   7.5
            +---------+---------+-------+---------+---------+-------
